Map: Dusk Towers

Players

Aspharr

  • Race: Zerg Zerg
  • League: Master

Miszu - Winner!

  • Race: Terran Terran
  • League: Master

VOD

Have the link to the VOD?

Description

Time

  • Played on: May 10, 2016, 11:01 a.m.
  • Length: 7:55
Show
View Real Time Build Order
Export as new Build Order

Aspharr Zerg 

Build Orders: Hatch First 

Get SALT Encoding   

  12  0:01  Drone  
  13  0:08  Drone  
  14  0:17  Overlord  
  14  0:23  Extractor, Drone  
  15  0:36  Drone x2  
  17  0:53  Hatchery  
  17  0:54  Drone  
  17  0:59  Extractor, Drone  
  17  1:13  Spawning Pool  
  17  1:16  Drone  
  17  1:21  Drone  
  18  1:27  Drone  
  19  1:38  Overlord  
  19  1:48  Drone  
  20  2:00  Queen  
  20  2:01  Metabolic Boost, Zergling x2  
  23  2:04  Queen  
  23  2:08  Drone  
  26  2:11  Zergling x2  
  27  2:16  Drone  
  27  2:20  Drone  
  29  2:26  Drone  
  30  2:35  Queen  
  32  2:43  Overlord  
  32  2:47  Overlord  
  32  2:48  Drone x2  
  34  2:54  Drone  
  34  2:56  Lair  
  35  2:59  Drone  
  35  3:05  Drone  
  37  3:08  Extractor  
  37  3:10  Drone x3  
  39  3:16  Drone x2  
  39  3:17  Drone  
  42  3:21  Drone x2  
  42  3:23  Drone  
  45  3:27  Extractor  
  45  3:28  Drone  
  45  3:33  Drone  
  46  3:37  Drone  
  47  3:43  Extractor, Drone  
  47  3:44  Drone x2  
  47  3:47  Overlord  
  50  3:48  Drone x3  
  52  3:56  Spire  
  52  4:00  Spine Crawler  
  50  4:03  Drone x2  
  50  4:05  Drone  
  50  4:06  Overseer  
  53  4:13  Drone  
  53  4:14  Zergling x6  
  53  4:15  Zergling x2  
  58  4:20  Overlord  
  58  4:22  Overlord  
  58  4:28  Drone x2  
  58  4:31  Overlord  
  60  4:40  Spore Crawler  
  60  4:43  Spore Crawler, Drone  
  60  4:44  Drone  
  60  4:57  Zergling x4  
  60  4:58  Zergling x2, Hatchery  
  62  5:08  Mutalisk  
  62  5:09  Mutalisk x4  
  72  5:14  Mutalisk  
  72  5:15  Mutalisk  
  72  5:17  Mutalisk  
  79  5:22  Zerg Flyer Weapons Level 1  
  79  5:23  Overlord  
  79  5:33  Mutalisk  
  81  5:35  Overseer  
  81  5:36  Hatchery  
  81  5:41  Drone x2  
  81  5:42  Drone x2  
  84  5:49  Drone  
  85  5:50  Baneling Nest, Evolution Chamber  
  85  5:51  Evolution Chamber  
  85  5:54  Drone x3  
  85  5:55  Drone  
  86  5:58  Drone  
  88  6:04  Drone x2  
  88  6:10  Corruptor  
  91  6:25  Overlord x3  
  91  6:26  Overlord  
  91  6:32  Infestation Pit  
  91  6:33  Overlord  
  91  6:41  Extractor  
  91  6:42  Overlord  
  91  6:44  Extractor, Drone x3  
  91  6:45  Drone x3  
  95  6:50  Drone x3  
  95  6:53  Corruptor  
  100  6:56  Corruptor  
  102  7:05  Corruptor  
  102  7:06  Spore Crawler  
  102  7:07  Spore Crawler  
  102  7:09  Corruptor  
  102  7:12  Zergling x4  
  106  7:18  Corruptor x2  
  106  7:22  Zergling x4  
  112  7:25  Zergling x4  
Show
View Real Time Build Order
Export as new Build Order

Miszu Terran - Winner!

Build Orders: Reaper Expand, Hellion Banshee 

Get SALT Encoding   

  12  0:00  SCV  
  13  0:13  SCV  
  14  0:17  Supply Depot  
  14  0:25  SCV  
  15  0:39  SCV  
  15  0:41  Barracks  
  16  0:43  Refinery  
  16  0:51  SCV  
  17  1:03  SCV  
  18  1:15  SCV  
  19  1:27  Orbital Command  
  19  1:29  Reaper  
  20  1:39  Command Center  
  20  1:49  Supply Depot  
  20  1:53  SCV  
  21  2:00  Marine  
  22  2:05  SCV  
  23  2:14  Factory  
  23  2:17  SCV  
  23  2:18  Refinery  
  23  2:21  Barracks Reactor  
  24  2:29  SCV  
  25  2:41  SCV  
  25  2:51  Orbital Command  
  25  2:54  SCV  
  26  2:59  Starport  
  26  3:04  Hellion x2, Barracks Tech Lab  
  30  3:06  SCV  
  31  3:18  SCV x2  
  33  3:25  Hellion  
  33  3:26  Hellion  
  37  3:29  Barracks Reactor  
  37  3:30  SCV x2  
  39  3:37  Command Center  
  39  3:42  SCV  
  39  3:43  Banshee  
  39  3:46  SCV  
  46  3:58  SCV x2  
  46  4:00  Supply Depot  
  46  4:01  Supply Depot  
  46  4:10  Refinery  
  46  4:11  Refinery, Armory  
  46  4:20  Liberator  
  46  4:21  SCV x2, Liberator  
  46  4:22  Hellion x2  
  52  4:25  Supply Depot  
  52  4:33  SCV x2  
  60  4:45  SCV x2  
  60  4:47  Supply Depot  
  60  4:50  Orbital Command  
  62  4:58  SCV x2  
  64  5:02  Hellion  
  64  5:03  Liberator  
  64  5:04  Hellion, Liberator  
  64  5:05  Hellion x5  
  68  5:10  SCV x2  
  70  5:16  SCV  
  70  5:17  Engineering Bay  
  70  5:19  Terran Ship Weapons Level 1  
  72  5:27  Orbital Command  
  75  5:28  SCV  
  75  5:30  SCV  
  77  5:40  Supply Depot, Starport x2  
  77  5:41  SCV  
  78  5:42  Supply Depot  
  78  5:44  Hellion x2  
  78  5:45  Liberator  
  78  5:46  SCV  
  83  5:51  Missile Turret  
  83  5:53  SCV, Missile Turret  
  83  5:55  SCV  
  83  5:56  Missile Turret  
  85  5:58  SCV  
  85  6:01  Liberator x2  
  85  6:03  Missile Turret  
  93  6:22  SCV x2  
  93  6:23  SCV  
  93  6:25  Refinery  
  96  6:27  Refinery  
  96  6:34  Fusion Core, SCV  
  96  6:35  SCV x2  
  96  6:36  Supply Depot  
  96  6:38  Supply Depot  
  99  6:43  Hellion x2  
  99  6:46  SCV, Banshee  
  99  6:47  SCV x2  
  109  6:55  Liberator  
  109  6:58  SCV  
  109  6:59  SCV x2  
  112  7:01  Supply Depot  
  112  7:02  Supply Depot  
  112  7:10  Starport Tech Lab, SCV  
  112  7:11  SCV x2  
  112  7:13  Starport x2  
  118  7:20  Hellion  
  118  7:21  Hellion  
  122  7:24  Supply Depot  
  122  7:28  Supply Depot  
Tags
 
Add a new tag
Caveats
  • Supply blocks, unpowered buildings, or Contaminate may cause inaccurate times.
  • Supply counts are checked every 10 seconds.